 Dungeon Crawl Stone Soup version 0.27.1-34-g3ba077fa99 (webtiles) character file.

Game seed: 10469116369315204953

3271 shadowrider38 the Fighter (level 10, -6/69 HPs)
             Began as a Gargoyle Fighter on Jan 3, 2022.
             Was a Follower of the Shining One.
             Mangled by a death knight (26 damage)
             ... on level 8 of the Dungeon.
             The game lasted 00:25:41 (12517 turns).

shadowrider38 the Fighter (Gargoyle Fighter)       Turns: 12517, Time: 00:25:42

Health: -6/69      AC: 17    Str: 22    XL:     10   Next: 0%
Magic:  10/10      EV:  9    Int: 10    God:    the Shining One [*.....]
Gold:   441        SH:  9    Dex:  9    Spells: 9/9 levels left

rFire    . . .     SeeInvis .   a - +0 morningstar
rCold    + . .     Faith    +   c - +0 kite shield
rNeg     + . .     Spirit   .   d - +0 chain mail
rPois    ∞         Reflect  .   l - +0 helmet
rElec    +         Harm     .   (no cloak)
rCorr    .         Rampage  .   (no gloves)
Will     .....                  (no boots)
Stlth    ..........             A - amulet of faith
HPRegen  0.21/turn              p - ring of protection from cold
MPRegen  0.12/turn              b - +4 ring of evasion

@: mighty, glowing
A: sickness immunity, AC +7, negative energy resistance 1, electricity
resistance, torment resistance 1, petrification resistance
a: Renounce Religion


You were on level 8 of the Dungeon.
You worshipped the Shining One.
The Shining One was aware of your devotion.
You visited 2 branches of the dungeon, and saw 9 of its levels.
You also visited: Ossuary.

You collected 441 gold pieces.

Inventory:

Hand Weapons
 a - a +0 morningstar (weapon)
Missiles
 j - 224 stones
 m - 26 poisoned darts (quivered)
Armour
 c - a +0 kite shield (worn)
 d - a +0 chain mail (worn)
 l - a +0 helmet (worn)
Jewellery
 b - a +4 ring of evasion (right hand)
 p - a ring of protection from cold (left hand)
 u - a +4 ring of evasion
 y - an amulet of reflection
 A - an amulet of faith (around neck)
Wands
 o - a wand of flame (27)
Scrolls
 f - 2 scrolls of holy word {unknown}
 g - a scroll of noise {unknown}
 h - 3 scrolls of vulnerability {unknown}
 i - 2 scrolls of amnesia {unknown}
 s - 2 scrolls of acquirement {unknown}
 v - 3 scrolls of fear {unknown}
 w - a scroll of magic mapping {unknown}
 B - a scroll of teleportation {unknown}
Potions
 e - 3 potions of degeneration {unknown}
 k - 4 potions of curing {unknown}
 n - a potion of lignification
 q - a potion of resistance
 r - a potion of might
 t - 5 potions of attraction {unknown}
 x - a potion of heal wounds
 z - 3 potions of mutation
 C - a potion of haste {unknown}


   Skills:
 + Level 11.0 Fighting
 - Level 7.0 Maces & Flails
 - Level 3.2 Armour
 - Level 3.2 Shields
 + Level 6.3 Evocations


You had 9 spell levels left.
You didn't know any spells.
Your spell library was empty.

Dungeon Overview and Level Annotations

Branches:
Dungeon (8/15)             Temple (1/1) D:6         Ossuary (visited)
   Lair: D:8-11

Altars:
Ashenzari
Cheibriados
Elyvilon
Fedhas
Gozag
Hepliaklqana
Kikubaaqudgha
Makhleb
Nemelex Xobeh
Okawaru
Qazlal
Ru
Sif Muna
Vehumet
Wu Jian
Xom
Yredelemnul
Zin
The Shining One

Shops:
D:7 =


Innate Abilities, Weirdness & Mutations

You are immune to sickness and miasma.
Your stone body is resilient. (AC +7)
You are immune to poison.
You resist negative energy. (rN+)
You are resistant to electric shocks. (rElec)
You are resistant to unholy torment.
You are immune to petrification.


Message History

The slime creature hits you but does no damage.
You puncture the slime creature!
The slime creature is almost dead.
You hear an angry buzzing noise. x2
The slime creature hits you but does no damage. x2
You bludgeon the slime creature!!
You kill the slime creature!
The vampire mosquito bites you but does no damage.
The vampire mosquito bites you.
Your Fighting skill increases to level 11!
You have reached level 10!
Really quaff the potion of lignification?
Okay, then.
Your shield and chain mail prevent you from hitting the vampire mosquito.
The vampire mosquito completely misses you.
The vampire mosquito bites you!
A vampire mosquito comes into view.
The vampire mosquito closely misses you.
You block the vampire mosquito's attack.
The death knight hits you from afar with a +0 halberd!
The vampire mosquito buzzes angrily.
You closely miss the vampire mosquito.
The vampire mosquito bites you but does no damage.
The vampire mosquito barely misses you.
You block the vampire mosquito's attack.
The vampire mosquito barely misses you. The vampire mosquito bites you.
The death knight hits you from afar with a +0 halberd!
The vampire mosquito bites you but does no damage. x3
The death knight barely misses you.
Your chain mail prevents you from hitting the vampire mosquito.
The vampire mosquito bites you but does no damage.
The vampire mosquito bites you.
* * * LOW HITPOINT WARNING * * *
The vampire mosquito bites you but does no damage.
You block the vampire mosquito's attack.
The vampire mosquito bites you but does no damage.
The vampire mosquito closely misses you.
A vampire mosquito comes into view.
The death knight hits you from afar with a +0 halberd!!
You die...

#. #.### ####
#...###..## #....#..^.##
#....#.....# #.......# #
#.# #....#..# #.###.#
#....#.y## >.....#
#...##..@#
#..#..###.###...yypy....
#..#..##..##....##$#...#
#.....##..#...### .# .#
#.##..##..#... .
#.##......##.. .#
#.....##..#### .
......###.# .. ..#####
#.#


You could see a death knight and 4 vampire mosquitoes.

Vanquished Creatures
  Pikel (D:7)
  Prince Ribbit (D:6)
  A slime creature (D:8)
  A wraith (D:6)
  Menkaure (D:4)
  A water moccasin (D:6)
  2 ice beasts
  A black bear (D:4)
  A necrophage (D:4)
  3 ogres
  A centaur (D:6)
  A phantom (D:4)
  A lemure (D:7)
  Blork the orc (D:6)
  2 elf zombies (Ossuary)
  A bullfrog (D:6)
  A water moccasin skeleton (D:5)
  A howler monkey (D:7)
  An electric eel (D:8)
  A bullfrog zombie (D:5)
  A centaur zombie (Ossuary)
  2 hounds (D:7)
  3 human zombies (Ossuary)
  3 orc priests
  A jelly (D:6)
  A centaur skeleton (D:4)
  An iguana (D:4)
  5 orc wizards
  2 mummies (Ossuary)
  A killer bee simulacrum (D:8)
  Robin (D:2)
  9 gnolls
  6 adders
  2 white imps
  A howler monkey simulacrum (D:8)
  5 dart slugs
  6 worms
  18 orcs
  5 ball pythons
  2 bats
  5 endoplasms
  4 giant cockroaches
  18 goblins
  18 hobgoblins
  4 jackals (D:2)
  10 kobolds
  6 quokkas
  5 frilled lizards
  3 goblin zombies (Ossuary)
  10 hobgoblin zombies (Ossuary)
  12 kobold zombies (Ossuary)
  4 orc zombies (Ossuary)
  2 rats
  2 rat zombies (Ossuary)
202 creatures vanquished.

Vanquished Creatures (others)
  A bush (D:2)
  29 plants
30 creatures vanquished.

Grand Total: 232 creatures vanquished

Notes
Turn   | Place    | Note
-------+----------+-------------------------------------------
     0 | D:1      | shadowrider38 the Gargoyle Fighter began the quest for the
                  | Orb.
     0 | D:1      | Reached XP level 1. HP: 14/14 MP: 1/1
   399 | D:1      | Reached XP level 2. HP: 16/19 MP: 2/2
  1188 | D:1      | Reached skill level 4 in Fighting
  1188 | D:1      | Reached XP level 3. HP: 7/24 MP: 3/3
  2153 | D:2      | Reached XP level 4. HP: 30/30 MP: 4/4
  2504 | D:2      | Noticed Robin
  2715 | D:2      | Killed Robin
  4095 | D:3      | Reached XP level 5. HP: 34/34 MP: 5/5
  4183 | D:3      | Reached skill level 5 in Fighting
  4565 | D:3      | Found a sparkling altar of Nemelex Xobeh.
  4979 | D:4      | Noticed Menkaure
  4989 | D:4      | Killed Menkaure
  4990 | D:4      | Reached XP level 6. HP: 9/41 MP: 6/6
  5237 | D:4      | Found a basalt altar of Yredelemnul.
  5338 | D:4      | Noticed a black bear
  5359 | D:4      | Killed a black bear
  5360 | D:4      | Reached skill level 6 in Fighting
  5360 | D:4      | Reached skill level 5 in Maces & Flails
  5465 | D:4      | Noticed a necrophage
  5489 | D:4      | Killed a necrophage
  5490 | D:4      | Reached skill level 1 in Evocations
  5490 | D:4      | Reached XP level 7. HP: 31/47 MP: 7/7
  6306 | D:5      | Entered Level 5 of the Dungeon
  6550 | D:5      | Reached skill level 7 in Fighting
  6615 | D:5      | Found a sand-covered staircase.
  6723 | Ossuary  | Entered an ossuary
  7605 | Ossuary  | Reached XP level 8. HP: 53/53 MP: 8/8
  7732 | Ossuary  | Reached skill level 8 in Fighting
  9557 | D:6      | Noticed Prince Ribbit
  9642 | D:6      | Found a staircase to the Ecumenical Temple.
  9776 | D:6      | Killed Prince Ribbit
  9777 | D:6      | Reached skill level 9 in Fighting
  9777 | D:6      | Reached XP level 9. HP: 49/60 MP: 9/9
  9923 | Temple   | Entered the Ecumenical Temple
 10021 | Temple   | Became a worshipper of the Shining One
 10063 | D:6      | Noticed Blork the orc
 10075 | D:6      | Killed Blork the orc
 10869 | D:6      | Reached skill level 10 in Fighting
 11213 | D:7      | Noticed Pikel
 11655 | D:7      | Killed Pikel
 11656 | D:7      | Reached skill level 5 in Evocations
 11867 | D:7      | Found an opulent altar of Gozag.
 12060 | D:7      | Found Zieporgh's Jewellery Shop.
 12256 | D:7      | Found the +11 plutonium sword {Contam Stlth-}
 12509 | D:8      | Noticed a death knight
 12511 | D:8      | Reached * piety under the Shining One
 12515 | D:8      | Reached skill level 11 in Fighting
 12515 | D:8      | Reached XP level 10. HP: 59/69 MP: 10/10
 12517 | D:8      | Mangled by a death knight

Illustrated notes

Levels and vault maps discovered:
D:1:      wander_arrival_fairy_ring, layout_loops_corners,
          chequers_hall_statues_y
D:2:      layout_loops_ring, serial_forest, infiniplex_forest_fountain,
          infiniplex_forest_lined_3, infiniplex_forest_clump_double,
          infiniplex_forest_side_room, infiniplex_forest_end_2,
          infiniplex_forest_join, uniq_robin
D:3:      layout_basic, nemelex_diamond_rough_becter, serial_bayou_lake_a
D:4:      layout_basic, mainiacjoe_overflow_tiny_flanked, uniq_menkaure
D:5:      corexii_shantytown, layout_basic, nicolae_ossuary_entry_monument,
          corner_web_ring
D:6:      layout_loops_ring, minmay_temple_entry_arrows, minivault_5,
          uniq_prince_ribbit1, uniq_blork_the_orc
D:7:      layout_basic, nicolae_gozag_seed_capital, serial_shops,
          shop_fountains, uniq_pikel
D:8:      minmay_curly_fans, layout_loops_corners, serial_ice, serial_ice_d,
          serial_ice_n, serial_ice_j, serial_ice_c, nicolae_shop_self_help
Temple:   compressed_dpeg_circular_temple

Skill      XL: |  1  2  3  4  5  6  7  8  9 |
---------------+----------------------------+-----
Fighting       | 4 5 6 7 9 11 | 11.0
Maces & Flails | 3 4 5 6 7 |  7.0
Evocations     | 1 3 4 6 |  6.3
Armour         | |  3.2
Shields        | |  3.2

Action                   |  1- 3 |  4- 6 |  7- 9 | 10-12 || total
-------------------------+-------+-------+-------+-------++-------
Melee: Flail             |   108 |   199 |   288 |       ||   595
       Morningstar       |       |       |   287 |     3 ||   290
Throw: Stone             |       |     3 |     6 |       ||     9
       Dart              |       |       |    19 |       ||    19
  Use: Potion            |       |     1 |     1 |       ||     2
       Scroll            |       |       |     4 |       ||     4
Armor: Scale mail        |    54 |    76 |       |       ||   130
       Chain mail        |       |    21 |   294 |     7 ||   322
       Skin              |       |       |     9 |       ||     9
Dodge: Dodged            |    35 |    44 |   167 |     6 ||   252
Block: Kite shield       |    38 |    92 |   272 |     3 ||   405
       Reflection        |       |       |     1 |       ||     1
